 Dungeon Sprint DCSS version 0.28.0-45-g0d030f2227 (webtiles) character file.

Game seed: 1002947614839205879

4100000 protoss039 the Axe Maniac (level 17, -45/191 HPs)
             Began as a Minotaur Gladiator on Apr 16, 2022.
             Was a High Priest of Makhleb.
             Annihilated by a sculptor of flesh
             ... wielding a +9 great sword
              (172 damage)
             ... in the Dungeon (Sprint VIII: "Arena of Blood").
             The game lasted 00:01:19 (41 turns).

protoss039 the Axe Maniac (Minotaur Gladiator)        Turns: 41, Time: 00:01:20

Health: -45/191    AC:  3    Str: 25    XL:     17   Next: 77%
Magic:  16/16      EV: 12    Int:  5    God:    Makhleb [*****.]
Gold:   0          SH:  0    Dex: 14    Spells: 16/16 levels left

rFire   . . .      SeeInvis .   j - +∞ Axe of Woe
rCold   . . .      Faith    .   (shield currently unavailable)
rNeg    . . .      Spirit   .   a - +0 leather armour
rPois   .          Reflect  .   b - +0 hat
rElec   .          Harm     .   (no cloak)
rCorr   .          Rampage  .   (no gloves)
Will    +....      NoTele   +   (no boots)
Stlth   +.........              (no amulet)
HPRegen 0.41/turn               (no ring)
MPRegen 0.15/turn               (no ring)

@: no status effects
A: horns 2, retaliatory headbutt
a: Renounce Religion, Minor Destruction, Lesser Servant of Makhleb, Major
Destruction, Greater Servant of Makhleb


You were in the Dungeon.
You worshipped Makhleb.
Makhleb was extremely pleased with you.
You visited 1 branch

Inventory:

Hand Weapons
 j - the +∞ Axe of Woe (weapon)
   (You found it in the Dungeon)
Missiles
 c - 3 throwing nets (quivered)
Armour
 a - a +0 leather armour (worn)
 b - a +0 hat (worn)
Scrolls
 i - a scroll of blinking
Potions
 d - a potion of curing
 e - a potion of heal wounds
 f - a potion of haste
 g - 2 potions of magic
 h - a potion of berserk rage


   Skills:
 O Level 27 Fighting
 + Level 13.2(15.4) Short Blades
 + Level 14.3(16.7) Long Blades
 O Level 27 Axes
 + Level 14.3(23.7) Maces & Flails
 + Level 14.3(23.7) Polearms
 + Level 14.3(18.8) Staves
 + Level 13.2 Bows
 + Level 13.2 Crossbows
 - Level 2.0 Throwing
 - Level 3.2 Dodging
 + Level 14.3 Shields
 - Level 3.2 Unarmed Combat
 + Level 9.5 Conjurations
 + Level 8.6 Hexes
 + Level 9.4 Summonings
 + Level 9.4 Necromancy
 + Level 9.4 Translocations
 + Level 10.3 Transmutations
 + Level 9.4 Fire Magic
 + Level 9.4 Ice Magic
 + Level 9.4 Air Magic
 + Level 10.3 Earth Magic
 + Level 9.4 Poison Magic
 + Level 11.2 Evocations


You had 16 spell levels left.
You didn't know any spells.
Your spell library was empty.

Dungeon Overview and Level Annotations

Branches:
Dungeon (1/1)

Altars:
Makhleb

Annotations:
D The Servant


Innate Abilities, Weirdness & Mutations

You have a pair of horns on your head.
You reflexively headbutt those who attack you in melee.


Message History

Your Necromancy skill increases to level 9!
Your Translocations skill increases to level 9!
Your Transmutations skill increases to level 10!
Your Fire Magic skill increases to level 9!
Your Ice Magic skill increases to level 9!
Your Air Magic skill increases to level 9!
Your Earth Magic skill increases to level 10!
Your Poison Magic skill increases to level 9!
Your Evocations skill increases to level 11!
You swing at nothing.
The sculptor of flesh appears out of thin air!
A sculptor of flesh comes into view. It is wielding a +9 great sword.
The bag of meat shouts!
You hear a shout! x3
A bag of meat comes into view. It is wielding a +9 war axe.
The bag of meat shouts!
You hear a shout!
Unknown command.
Press < or > to pray at altars.
Unknown command.
Press < or > to pray at altars.
Unknown command.
Press < or > to pray at altars.
Unknown command.
Press < or > to pray at altars.
Really walk into that cloud of flame?
A bag of meat and a sculptor of flesh come into view.
You are engulfed in blazing flames.
The bag of meat shouts!
You hear a shout! x6
A meat berserker comes into view. It is wielding a +9 battleaxe.
You hear a shout!
A sculptor of flesh comes into view. It is wielding a +9 great sword.
The Servant hits you with a +9 glaive of flaming!!
The Servant burns you.
The bag of meat is engulfed in blazing flames.
You hear a shout!
The bag of meat hits you with a +9 war axe!
You hear a shout!
The sculptor of flesh is engulfed in blazing flames.
The sculptor of flesh hits you with a +9 great sword!!!!!
Ouch! That really hurt!
You die...

.. ....o #.
...# #z. .o.# .
.###.. ...###..
......###......
Oo...._.....
#..o.)# #_.@@_#
#...zo#
......_.§§..
......###......
.###.. ...###..
#.. ...# . #.
...# .. .....


You could see The Servant, 2 sculptors of flesh, a meat berserker (berserk) and
5 bags of meat.

Vanquished Creatures
  2 vampire knights (D)
  2 ogres (D)
  A two-headed ogre (D)
  17 orcs (D)
22 creatures vanquished.

Notes
Turn   | Place    | Note
-------+----------+-------------------------------------------
     0 | D        | Found the +∞ Axe of Woe
     0 | D        | protoss039 the Minotaur Gladiator began the quest for the
                  | Orb.
     0 | D        | Reached XP level 1. HP: 18/18 MP: 0/0
     2 | D        | Noticed a bag of meat
     4 | D        | Became a worshipper of Makhleb the Destroyer
     8 | D        | Noticed a bag of meat
     9 | D        | Noticed a bag of meat
     9 | D        | Killed a bag of meat
    10 | D        | Reached XP level 2. HP: 50/50 MP: 1/1
    10 | D        | Reached XP level 3. HP: 57/57 MP: 2/2
    10 | D        | Reached XP level 4. HP: 64/64 MP: 3/3
    10 | D        | Reached XP level 5. HP: 72/72 MP: 4/4
    10 | D        | Reached XP level 6. HP: 80/80 MP: 5/5
    10 | D        | Reached XP level 7. HP: 86/86 MP: 6/6
    10 | D        | Reached XP level 8. HP: 94/94 MP: 7/7
    10 | D        | Reached XP level 9. HP: 101/101 MP: 8/8
    10 | D        | Reached XP level 10. HP: 110/110 MP: 9/9
    10 | D        | Killed a bag of meat
    10 | D        | Reached * piety under Makhleb
    10 | D        | Noticed a bag of meat
    11 | D        | Reached skill level 27 in Axes
    11 | D        | Reached XP level 11. HP: 126/126 MP: 10/10
    11 | D        | Killed a bag of meat
    11 | D        | Noticed a bag of meat
    12 | D        | Reached XP level 12. HP: 146/146 MP: 11/11
    13 | D        | Noticed a bag of meat
    13 | D        | Noticed a meat berserker
    14 | D        | Noticed a bag of meat
    15 | D        | Killed a bag of meat
    15 | D        | Noticed a bag of meat
    16 | D        | Reached skill level 27 in Fighting
    16 | D        | Reached XP level 13. HP: 118/159 MP: 12/12
    16 | D        | Noticed a bag of meat
    18 | D        | Killed a bag of meat
    18 | D        | Reached ** piety under Makhleb
    18 | D        | Noticed a bag of meat
    18 | D        | Noticed a bag of meat
    19 | D        | Killed a meat berserker
    20 | D        | Reached skill level 5 in Short Blades
    20 | D        | Reached skill level 5 in Long Blades
    20 | D        | Reached skill level 5 in Maces & Flails
    20 | D        | Reached skill level 5 in Polearms
    20 | D        | Reached skill level 5 in Staves
    20 | D        | Reached skill level 5 in Bows
    20 | D        | Reached skill level 5 in Crossbows
    20 | D        | Reached skill level 5 in Shields
    20 | D        | Reached XP level 14. HP: 168/168 MP: 13/13
    20 | D        | Noticed a bag of meat
    20 | D        | Noticed a bag of meat
    21 | D        | Killed a bag of meat
    21 | D        | Noticed a destroyer
    21 | D        | Noticed a meat berserker
    22 | D        | Noticed a bag of meat
    23 | D        | Killed a bag of meat
    23 | D        | Reached *** piety under Makhleb
    23 | D        | Killed a bag of meat
    24 | D        | Reached skill level 5 in Transmutations
    24 | D        | Reached skill level 5 in Earth Magic
    24 | D        | Reached skill level 5 in Evocations
    24 | D        | Killed a meat berserker
    24 | D        | Noticed a bag of meat
    24 | D        | Noticed a bag of meat
    25 | D        | Reached skill level 5 in Conjurations
    25 | D        | Reached skill level 5 in Hexes
    25 | D        | Reached skill level 5 in Summonings
    25 | D        | Reached skill level 5 in Necromancy
    25 | D        | Reached skill level 5 in Translocations
    25 | D        | Reached skill level 5 in Fire Magic
    25 | D        | Reached skill level 5 in Ice Magic
    25 | D        | Reached skill level 5 in Air Magic
    25 | D        | Reached skill level 5 in Poison Magic
    25 | D        | Reached XP level 15. HP: 174/174 MP: 14/14
    25 | D        | Killed a destroyer
    25 | D        | Reached **** piety under Makhleb
    25 | D        | Noticed a large bag of meat
    26 | D        | Reached skill level 10 in Long Blades
    26 | D        | Reached skill level 10 in Maces & Flails
    26 | D        | Reached skill level 10 in Polearms
    26 | D        | Reached skill level 10 in Staves
    26 | D        | Reached skill level 10 in Shields
    26 | D        | Reached XP level 16. HP: 183/183 MP: 15/15
    27 | D        | Reached ***** piety under Makhleb
    28 | D        | Reached skill level 10 in Short Blades
    28 | D        | Reached skill level 10 in Bows
    28 | D        | Reached skill level 10 in Crossbows
    30 | D        | Noticed a destroyer
    31 | D        | Noticed The Servant
    36 | D        | Killed a large bag of meat
    37 | D        | Reached skill level 10 in Evocations
    37 | D        | Reached XP level 17. HP: 157/191 MP: 16/16
    39 | D        | Killed a destroyer
    40 | D        | Reached skill level 10 in Transmutations
    40 | D        | Reached skill level 10 in Earth Magic
    41 | D        | Noticed a sculptor of flesh
    41 | D        | Noticed a sculptor of flesh
    41 | D        | Noticed a meat berserker
    41 | D        | Noticed a sculptor of flesh
    41 | D        | Annihilated by a sculptor of flesh

Illustrated notes

Levels and vault maps discovered:
D:        meatsprint

Skill      XL: |  1  2  3  4  5  6  7  8  9 10 11 12 13 14 15 16 17 |
---------------+----------------------------------------------------+-----
Fighting       | 16 20 25 27 | 27.0
Axes           | 24 27 | 27.0
Short Blades   | 5 8 9 12 13 | 13.2
Long Blades    | 5 8 10 13 14 | 14.3
Maces & Flails | 5 8 10 13 14 | 14.3
Polearms       | 5 8 10 13 14 | 14.3
Staves         | 5 8 10 13 14 | 14.3
Bows           | 5 8 9 12 13 | 13.2
Crossbows      | 5 8 9 12 13 | 13.2
Shields        | 5 8 10 13 14 | 14.3
Conjurations   | 3 5 6 8 9 |  9.5
Hexes          | 3 5 6 7 8 |  8.6
Summonings     | 3 5 6 8 9 |  9.4
Necromancy     | 3 5 6 8 9 |  9.4
Translocations | 3 5 6 8 9 |  9.4
Transmutations | 4 6 7 9 10 | 10.3
Fire Magic     | 3 5 6 8 9 |  9.4
Ice Magic      | 3 5 6 8 9 |  9.4
Air Magic      | 3 5 6 8 9 |  9.4
Earth Magic    | 3 6 7 9 10 | 10.3
Poison Magic   | 3 5 6 8 9 |  9.4
Evocations     | 4 6 8 10 11 | 11.2
Throwing       | |  2.0
Dodging        | |  3.2
Unarmed Combat | |  3.2

Action                   |  1- 3 |  4- 6 |  7- 9 | 10-12 | 13-15 | 16-18 || total
-------------------------+-------+-------+-------+-------+-------+-------++-------
Melee: Executioner's axe |     1 |       |       |     3 |     5 |     2 ||    11
